AoeStats
← Mind

Pilgrims

509349412Analyzed
2v2 RM · 6d ago on Sep 26, 2026· 100m 25s· 4 players
Game mode
Random Map
Map size
Medium (4 player)
Population
200
Speed
Normal
Resources
Standard
Victory
Conquest
Starting age
Dark Age
Ending age
Imperial Age
RankedLock teamsTeams togetherTeam positionsShared explorationLock speedFull tech treeHidden civsTurbo modeCheats
Victory
Defeat
🇩🇰 Varangians · Denmark
899
+29
🇩🇰 Danes · Denmark
882
+30
🇱🇻 Franks · Latvia
853
-14
🇱🇻 Wei · Latvia
832
-13
ThoricFaun3883
4:42 Loom
13:56 Feudal Age
14:44 Double-Bit Axe
16:04 Arson
16:44 Scale Mail Armor
16:55 Fishing Lines
18:17 Wheelbarrow
21:02 Fletching
21:54 Man-at-Arms
23:31 Padded Archer Armor
23:42 Forging
27:57 Scale Barding Armor
33:43 Castle Age
32:23 Gold Mining
32:27 Stone Mining
34:54 Squires
36:31 Gillnets
39:37 Bodkin Arrow
43:25 Medium Warships
42:47 Crossbowman
43:46 Leather Archer Armor
44:07 Iron Casting
43:42 Gambesons
45:57 Chain Mail Armor
48:59 Bow Saw
51:52 Hand Cart
66:52 Husbandry
69:20 Light Cavalry
75:32 Town Watch
StrongWolf91512
5:26 Loom
17:35 Feudal Age
21:44 Padded Archer Armor
21:34 Fletching
23:41 Wheelbarrow
26:05 Gold Mining
26:06 Stone Mining
26:15 Double-Bit Axe
26:24 Fishing Lines
31:22 Castle Age
29:20 Horse Collar
29:53 Forging
30:49 Man-at-Arms
31:14 Arson
31:33 Scale Mail Armor
31:39 Scale Barding Armor
32:54 Crossbowman
32:55 Elite Skirmisher
33:41 Thumb Ring
35:50 Hand Cart
36:01 Demolition Ship
36:52 Medium Warships
36:35 Gillnets
39:03 Leather Archer Armor
38:44 Bodkin Arrow
42:43 Iron Casting
46:51 Murder Holes
46:37 Treadmill Crane
47:18 Ballistics
47:21 Chain Mail Armor
47:26 Chain Barding Armor
47:20 Guard Tower
51:13 Bow Saw
55:56 Imperial Age
55:38 Pikeman
57:34 Keep
sortie
6:30 Loom
9:06 Feudal Age
16:28 Bloodlines
25:31 Castle Age
35:52 Hamask
43:54 Scale Mail Armor
44:04 Forging
47:05 Horse Collar
52:15 Imperial Age
53:58 Conscription
55:02 Elite Jomsviking
56:54 Chain Mail Armor
57:59 Iron Casting
64:31 Coinage
69:41 Wheelbarrow
68:52 Town Watch
70:41 Banking
71:58 Double-Bit Axe
72:30 Light Cavalry
79:48 Northmen's Fury
81:04 Hoardings
81:15 Plate Mail Armor
80:36 Fletching
80:47 Padded Archer Armor
81:56 Blast Furnace
82:18 Hand Cart
89:25 Town Patrol
89:43 Leather Archer Armor
89:23 Bodkin Arrow
89:34 Scale Barding Armor
90:33 Chemistry
89:54 Ballistics
89:43 Siege Engineers
90:01 Shipwright
89:52 Clinker Construction
89:52 Careening
90:32 Siege Engineers
90:44 Town Patrol
91:06 Careening
91:06 Clinker Construction
91:17 Shipwright
91:19 Ballistics
90:52 Heated Shot
91:02 Murder Holes
91:29 Medium Warships
95:15 Spies/Treason
99:19 Heavy Warships
98:17 Elite Longship
101:24 Chain Barding Armor
101:35 Ring Archer Armor
101:05 Bracer
Mind
4:33 Loom
11:47 Feudal Age
11:57 Man-at-Arms
12:48 Horse Collar
18:28 Double-Bit Axe
19:56 Forging
21:15 Wheelbarrow
23:05 Fishing Lines
27:15 Castle Age
25:29 Fletching
25:39 Padded Archer Armor
28:29 Gambesons
28:45 Squires
28:59 Elite Skirmisher
29:26 Long Swordsman
32:15 Fishing Lines
33:33 Arson
36:00 Crossbowman
36:39 Bodkin Arrow
36:45 Scale Mail Armor
37:59 Leather Archer Armor
38:48 Heavy Plow
40:17 Scale Barding Armor
41:42 Bow Saw
41:41 Town Watch
45:13 Hand Cart
46:16 Iron Casting
45:56 Chain Mail Armor
48:36 Caravan
49:29 Town Patrol
53:03 Gold Mining
56:02 Imperial Age
57:07 Two-Handed Swordsman
57:50 Bracer
58:20 Ring Archer Armor
60:47 Cranequins
64:45 Guilds
65:06 Coinage
64:34 Capped Ram
67:21 Banking
68:32 Chemistry
67:44 Clinker Construction
67:57 Ballistics
67:48 Masonry
67:44 Siege Engineers
67:31 Guard Tower
68:38 Crop Rotation
70:18 Conscription
69:22 Gothikon
71:57 Stone Mining
71:41 Pikeman
71:51 Heavy Mounted Crossbowman
77:59 Elite Varangian Guard
79:30 Vendel Legacy
79:48 Elite Jarl
82:28 Architecture
82:09 Fortified Wall
82:20 Shipwright
81:51 Heated Shot
81:42 Treadmill Crane
81:57 Murder Holes
83:08 Halberdier
86:48 Two-Man Saw
86:56 Blast Furnace
86:11 Chain Mail Armor
86:17 Chain Barding Armor
86:11 Careening
86:12 Clinker Construction
86:53 Medium Warships
88:26 Elite Longship
89:32 Heavy Warships
88:58 Gillnets
98:08 Cavalier
98:49 Husbandry
98:59 Bloodlines
98:10 Light Cavalry
98:14 Siege Ram
98:14 Onager
99:18 Dry Dock
99:18 Carvel Hull
Connection lost

Rejoining the realm…

Still unreachable

The connection could not be restored.

Session expired

The server has moved on; the page needs a fresh start.